 Dungeon Crawl Stone Soup version 0.27.0-66-gdc8fb28755 (webtiles) character file.

Game seed: 14566315459024248758

1330 funkygono the Firebug (level 8, -10/44 HPs)
             Began as a Gargoyle Fire Elementalist on Aug 19, 2021.
             Was a Follower of Vehumet.
             Mangled by Duvessa (12 damage)
             ... on level 6 of the Dungeon.
             The game lasted 00:12:23 (6485 turns).

funkygono the Firebug (Gargoyle Fire Elementalist)  Turns: 6485, Time: 00:12:29

Health: -10/44     AC: 10    Str: 12    XL:     8   Next: 60%
Magic:  11/16      EV: 12    Int: 18    God:    Vehumet [*.....]
Gold:   79         SH:  0    Dex: 10    Spells: 4/17 levels left

rFire    . . .     SeeInvis .   o - +4 flail
rCold    . . .     Faith    .   (no shield)
rNeg     + . .     Spirit   .   a - +0 robe
rPois    ∞         Reflect  .   (no helmet)
rElec    +         Harm     .   j - scarf {repulsion}
rCorr    .         Rampage  .   n - +2 pair of gloves
Will     .....                  (no boots)
Stlth    ++........             l - amulet of the acrobat
HPRegen  0.14/turn              (no ring)
MPRegen  0.15/turn              (no ring)

@: invisible, repel missiles
A: sickness immunity, AC +5, negative energy resistance 1, electricity
resistance, torment resistance 1, petrification resistance
a: Renounce Religion


You were on level 6 of the Dungeon.
You worshipped Vehumet.
Vehumet was aware of your devotion.
You visited 2 branches of the dungeon, and saw 7 of its levels.

You collected 176 gold pieces.
You spent 97 gold pieces at shops.

Inventory:

Hand Weapons
 f - a +0 whip
 o - a +4 flail (weapon)
Missiles
 g - 119 stones
Armour
 a - a +0 robe (worn)
 c - a scarf of harm
 j - a scarf of repulsion (worn)
 k - a +2 kite shield
 n - a +2 pair of gloves (worn)
Jewellery
 l - an amulet of the acrobat (around neck)
Scrolls
 t - 2 scrolls of teleportation
 u - a scroll of amnesia
 v - a scroll of fog
 x - a scroll of enchant weapon {unknown}
 y - a scroll of enchant armour
Potions
 b - a potion of magic
 e - a potion of berserk rage
 h - 2 potions of haste
 m - a potion of heal wounds {unknown}
 p - a potion of cancellation {unknown}
 q - a potion of might {unknown}
 r - a potion of attraction {unknown}
 s - a potion of brilliance {unknown}
 w - 2 potions of lignification


   Skills:
 + Level 1.7 Fighting
 + Level 3.1 Maces & Flails
 + Level 2.4 Dodging
 - Level 2.1 Stealth
 + Level 5.4 Spellcasting
 + Level 5.2 Conjurations
 + Level 6.1 Fire Magic


You had 4 spell levels left.
You knew the following spells:

 Your Spells              Type           Power      Damage    Failure   Level
a - Foxfire               Conj/Fire      100%       2x1d9     1%          1
b - Conjure Flame         Conj/Fire      25%        6-21      3%          3
c - Sticky Flame          Conj/Fire      25%        2d5       12%         4
d - Fireball              Conj/Fire      12%        3d7       34%         5

Your spell library contained the following spells:

 Spells                   Type           Power      Damage    Failure   Level
 Shock                    Conj/Air       56%        1d6       4%          1
 Magic Dart               Conj           92%        1d7       1%          1
 Inner Flame              Hex/Fire       15%        N/A       11%         3
 Call Imp                 Summ           4%         N/A       19%         2
 Mephitic Cloud           Conj/Pois/Air  11%        N/A       19%         3
 Airstrike                Air            2%         N/A       77%         4
 Summon Lightning Spire   Summ/Air       4%         N/A       77%         4
 Lightning Bolt           Conj/Air       7%         1d19      77%         5


Dungeon Overview and Level Annotations

Branches:
Dungeon (6/15)             Temple (1/1) D:4

Altars:
Cheibriados
Dithmenos
Elyvilon
Fedhas
Gozag
Hepliaklqana
Kikubaaqudgha
Makhleb
Okawaru
Qazlal
Ru
Trog
Uskayaw
Vehumet
Xom
Zin
The Shining One

Shops:
D:4 !   D:5 ?!

Annotations:
D:6 Duvessa


Innate Abilities, Weirdness & Mutations

You are immune to sickness and miasma.
Your stone body is resilient. (AC +5)
You are immune to poison.
You resist negative energy. (rN+)
You are resistant to electric shocks. (rElec)
You are resistant to unholy torment.
You are immune to petrification.


Message History

Duvessa is moderately wounded.
Duvessa hits you with a +0 short sword!!
Duvessa hits you with a +0 short sword!
Casting: Foxfire (safe; 1% risk of failure)
Confirm with . or Enter, or press ? or * to list all spells.
You conjure some foxfire!
The foxfire hits Duvessa but does no damage.
Duvessa is moderately wounded.
Duvessa closely misses you.
Unknown command.
Casting: Foxfire (safe; 1% risk of failure)
Confirm with . or Enter, or press ? or * to list all spells.
You conjure some foxfire!
The foxfire hits Duvessa.
Duvessa is moderately wounded.
The foxfire hits Duvessa but does no damage.
Duvessa is moderately wounded.
The foxfire hits Duvessa.
Duvessa is moderately wounded.
Duvessa hits you with a +0 short sword!
* * * LOW HITPOINT WARNING * * *
Duvessa hits you but does no damage.
You feel better.
The foxfire hits Duvessa.
Duvessa is heavily wounded.
The foxfire hits Duvessa!
Duvessa is heavily wounded.
Duvessa hits you with a +0 short sword.
Casting: Foxfire (safe; 1% risk of failure)
Confirm with . or Enter, or press ? or * to list all spells.
You conjure some foxfire!
Duvessa hits you but does no damage. Duvessa hits you with a +0 short sword!
* * * LOW HITPOINT WARNING * * *
Unknown command.
It was a potion of invisibility.
You fade into invisibility!
The foxfire hits Duvessa.
Duvessa is severely wounded.
The foxfire hits Duvessa but does no damage.
Duvessa is severely wounded.
Duvessa hits you with a +0 short sword!
You die...

##### ##..# #####...#
##...## ##.......#
##.....# ##.>......#
#..##..##
#.........####.####..###
...........##>###......##
...........#.........[..#
..........#..#.....>....##
........###.##.e@.)......#
#......###.###...........#
#...#####.!# ##..........#
##### #..## #..........##
#.## ##..........# #.##
##.........## ...
##.........## .....
#########..## .......
#...#


You could see Duvessa (berserk).

Vanquished Creatures
  Prince Ribbit (D:5)
  Sigmund (D:5)
  An ice beast (D:5)
  2 sky beasts (D:4)
  Blork the orc (D:4)
  A scorpion (D:5)
  Dowan (D:6)
  A howler monkey (D:6)
  4 jellies
  2 bullfrog skeletons
  An iguana (D:5)
  An orc wizard (D:5)
  A hound skeleton (D:5)
  8 gnolls
  8 adders
  2 worms
  2 dart slugs (D:2)
  5 orcs
  6 bats
  6 endoplasms
  A giant cockroach (D:2)
  5 goblins
  9 hobgoblins
  14 jackals
  3 quokkas
  9 ball pythons
  7 frilled lizards
  6 kobolds
  6 rats
115 creatures vanquished.

Vanquished Creatures (others)
  395 foxfires
395 creatures vanquished.

Grand Total: 510 creatures vanquished

Notes
Turn   | Place    | Note
-------+----------+-------------------------------------------
     0 | D:1      | funkygono the Gargoyle Fire Elementalist began the quest
                  | for the Orb.
     0 | D:1      | Reached XP level 1. HP: 10/10 MP: 3/3
     3 | D:1      | You fall into a shaft and drop 1 floor!
    52 | D:2      | Reached XP level 2. HP: 15/15 MP: 0/5
   416 | D:1      | Reached XP level 3. HP: 15/19 MP: 3/6
   624 | D:1      | Found a faded altar of an unknown god.
  1322 | D:1      | Learned a level 3 spell: Conjure Flame
  1350 | D:2      | Reached XP level 4. HP: 24/24 MP: 0/7
  1505 | D:2      | You fall into a shaft and drop 1 floor!
  1628 | D:3      | Reached skill level 4 in Fire Magic
  1963 | D:3      | Reached XP level 5. HP: 28/28 MP: 0/9
  1979 | D:3      | Learned a level 4 spell: Sticky Flame
  2091 | D:2      | Reached skill level 1 in Maces & Flails
  2156 | D:2      | Found an ancient bone altar of Kikubaaqudgha.
  2452 | D:2      | Reached skill level 1 in Fighting
  3081 | D:3      | Reached XP level 6. HP: 30/34 MP: 6/10
  3701 | D:3      | Found a glowing silver altar of Zin.
  4480 | D:4      | Found a staircase to the Ecumenical Temple.
  4489 | Temple   | Entered the Ecumenical Temple
  4588 | Temple   | Became a worshipper of Vehumet
  4763 | D:4      | Found Ehegy's Distillery.
  4785 | D:4      | Noticed a sky beast
  4791 | D:4      | Killed a sky beast
  5065 | D:5      | Entered Level 5 of the Dungeon
  5065 | D:5      | Noticed Blork the orc
  5065 | D:5      | Noticed a sky beast
  5081 | D:4      | Killed a sky beast
  5082 | D:4      | Reached XP level 7. HP: 29/38 MP: 3/12
  5085 | D:4      | Killed Blork the orc
  5336 | D:5      | Noticed Prince Ribbit
  5341 | D:5      | Killed Prince Ribbit
  5342 | D:5      | Reached skill level 5 in Fire Magic
  5573 | D:5      | Found Itraushy's Distillery.
  5633 | D:5      | Reached XP level 8. HP: 44/44 MP: 7/14
  5735 | D:5      | Noticed Sigmund
  5743 | D:5      | Killed Sigmund
  5942 | D:5      | Reached skill level 5 in Spellcasting
  5994 | D:5      | Found Rojonlan's Magic Scroll Shoppe.
  6002 | D:5      | Bought a scroll of enchant armour for 97 gold pieces
  6074 | D:5      | Reached * piety under Vehumet
  6074 | D:5      | Offered knowledge of Shock by Vehumet.
  6075 | D:5      | Reached skill level 5 in Conjurations
  6075 | D:5      | Reached skill level 6 in Fire Magic
  6217 | D:5      | Learned a level 5 spell: Fireball
  6410 | D:6      | Noticed Dowan
  6424 | D:6      | Killed Dowan
  6467 | D:6      | Noticed Duvessa
  6484 | D:6      | HP: 2/44 [Duvessa (12)]
  6485 | D:6      | Mangled by Duvessa

Illustrated notes

Levels and vault maps discovered:
D:1:      dpeg_arrival_pits, layout_loops_ring, basic_ecumenical_altar,
          minmay_fountain_box
D:2:      layout_rooms, basic_altar, kennysheep_cluttered_room,
          chequers_serial_rivers_micro_e, minmay_quadrilaterals
D:3:      minmay_diamond_boxcup, layout_basic, zin_treasury,
          kennysheep_generic_room_15
D:4:      layout_basic, minmay_temple_entry_crystal_x, serial_shops, shop
D:5:      layout_rooms, serial_shops, nicolae_shop_crystal, shop,
          uniq_blork_the_orc, uniq_sigmund, uniq_prince_ribbit1
D:6:      layout_cave_pods, uniq_duvessa
Temple:   eino_temple_rhombus

Skill      XL: |  1  2  3  4  5  6  7  8 |
---------------+-------------------------+-----
Conjurations   | 2 3 4 5 |  5.2
Fire Magic     | 4 5 6 |  6.1
Maces & Flails | 1 2 3 |  3.1
Spellcasting   | 3 4 5 |  5.4
Fighting       | 1 |  1.7
Dodging        | 2 |  2.4
Stealth        | |  2.1

Action                   |  1- 3 |  4- 6 |  7- 9 || total
-------------------------+-------+-------+-------++-------
Melee: Unarmed           |    22 |       |       ||    22
       Whip              |    17 |    20 |       ||    37
       Flail             |       |     6 |    11 ||    17
 Cast: Foxfire           |    42 |   110 |    85 ||   237
  Use: Scroll            |     2 |     6 |     3 ||    11
       Potion            |       |       |     3 ||     3
Armor: Robe              |    12 |    26 |     6 ||    44
Dodge: Dodged            |    25 |    37 |    17 ||    79
       Repelled          |       |       |     1 ||     1
